 Dungeon Crawl Stone Soup version 0.29-a0-923-g6e406bff71 (webtiles) character file.

Game seed: 16660796895257168442

5331 IdlyInterested the Fighter (level 10, -2/80 HPs)
             Began as a Demonspawn Wanderer on July 27, 2022.
             Slain by a gnoll sergeant
             ... wielding a +0 halberd
              (9 damage)
             ... in a bailey.
             The game lasted 00:30:18 (10184 turns).

IdlyInterested the Fighter (Demonspawn Wanderer)   Turns: 10184, Time: 00:30:18

Health: -2/80      AC: 10    Str: 12    XL:     10   Next: 38%
Magic:  14/14      EV: 10    Int: 15    God:
Gold:   190        SH:  8    Dex: 35    Spells: 15/15 levels left

rFire   . . .      SeeInvis +   d - +10 dagger of Fear {flame, *Noise rN+ Int+2 Dex+5}
rCold   . . .      Faith    .   b - +0 buckler
rNeg    + . .      Spirit   .   l - +0 scale mail
rPois   .          Reflect  .   (helmet unavailable)
rElec   .          Harm     .   (no cloak)
rCorr   .          Rampage  .   q - +1 pair of gloves {Stlth+}
Will    .....                   (no boots)
Stlth   ++++......              (no amulet)
HPRegen 0.23/turn               n - +6 ring of dexterity
MPRegen 0.14/turn               k - +6 ring of dexterity

@: on berserk cooldown, slowed, very slow
A: antennae 3, yellow scales 1, powered by pain 1, demonic magic 1
a: no special abilities


You were in a bailey.
You visited 2 branches of the dungeon, and saw 9 of its levels.
You also visited: Bailey.

You collected 515 gold pieces.
You spent 325 gold pieces at shops.

Inventory:

Hand Weapons
 d - the +10 dagger of Fear (weapon) {flame, *Noise rN+ Int+2 Dex+5}
   (You bought it in a shop on level 3 of the Dungeon)

   It burns those it strikes, dealing additional fire damage.
   Int:       It affects your intelligence (+2).
   Dex:       It affects your dexterity (+5).
   rN:        It protects you from negative energy.
   *Noise:    It may make noises in combat.
 j - a +0 rapier
 x - a +5 short sword of draining
 z - a +3 short sword
Missiles
 C - 3 throwing nets
Armour
 b - a +0 buckler (worn)
 l - a +0 scale mail (worn)
 p - a +0 chain mail
 q - a +1 pair of gloves of stealth (worn)
 v - a +1 robe of fire resistance
Jewellery
 k - a +6 ring of dexterity (right hand)
 n - a +6 ring of dexterity (left hand)
 r - a ring of poison resistance
Wands
 u - a wand of paralysis (7)
 B - a wand of polymorph (11)
Scrolls
 a - 3 scrolls of enchant weapon
 c - 3 scrolls of blinking
 e - 6 scrolls of teleportation
 h - a scroll of identify
 y - a scroll of amnesia
Potions
 f - a potion of magic
 i - 4 potions of curing
 m - a potion of mutation
 o - a potion of invisibility
 s - a potion of flight
 t - a potion of haste
 w - a potion of brilliance
 A - a potion of might


   Skills:
 + Level 8.2 Fighting
 + Level 7.5 Short Blades
 * Level 2.6 Armour
 - Level 2.0 Dodging
 - Level 6.0 Stealth
 - Level 6.0 Shields
 - Level 3.0 Spellcasting
 - Level 4.0 Poison Magic
 - Level 2.0 Evocations


You had 15 spell levels left.
You didn't know any spells.
Your spell library contained the following spells:

 Spells                   Type           Power      Damage    Failure   Level
 Sting                    Tmut/Pois      32%        1d4       50%         1
 Spider Form              Tmut/Pois      8%         N/A       86%         3
 Ensorcelled Hibernation  Hex/Ice        4%         N/A       88%         2
 Passwall                 Tmut/Erth      1%         N/A       88%         2
 Mephitic Cloud           Conj/Pois/Air  6%         N/A       92%         3
 Swiftness                Air            2%         N/A       98%         3
 Summon Ice Beast         Ice/Summ       2%         N/A       100%        4
 Summon Mana Viper        Hex/Summ       2%         N/A       100%        5
 Monstrous Menagerie      Summ           1%         N/A       100%        7


Dungeon Overview and Level Annotations

Branches:
Dungeon (8/15)             Temple (1/1) D:6          Bailey (1/1)
   Lair: D:8-11

Altars:
Ashenzari
Cheibriados
Fedhas
Gozag
Hepliaklqana
Kikubaaqudgha
Makhleb
Nemelex Xobeh
Qazlal
Ru
Sif Muna
Trog
Uskayaw
Vehumet
Wu Jian
Xom
Yredelemnul

Shops:
D:3 (


Innate Abilities, Weirdness & Mutations

You have a pair of large antennae on your head. (SInv)
You are partially covered in yellow scales. (AC +2)
You sometimes gain a little power by taking damage.
Spells you cast may paralyse adjacent enemies.


Message History

You block the wolf's attack.
You hit the wolf. You burn the wolf.
The wolf is moderately wounded.
The wolf barely misses you.
You closely miss the wolf.
The wolf is moderately wounded.
The wolf bites you.
* * * LOW HITPOINT WARNING * * *
A gnoll sergeant comes into view. It is wielding a +0 glaive.
You block the wolf's attack. You block the gnoll bouda's attack.
You hit the wolf. You burn the wolf.
The wolf is heavily wounded.
The gnoll sergeant barely misses you. You block the wolf's attack.
The gnoll bouda barks out a call to the hunt!
The gnoll sergeant picks up the pace!
You hit the wolf. You burn the wolf.
The wolf is severely wounded.
The wolf bites you but does no damage. The gnoll sergeant misses you.
The wolf bites you.
* * * LOW HITPOINT WARNING * * *
The gnoll bouda hits you but does no damage.
You hit the wolf. You burn the wolf.
The wolf is severely wounded.
You block the wolf's attack. You block the gnoll sergeant's attack.
A gnoll sergeant comes into view. It is wielding a +0 glaive.
The wolf barely misses you. The gnoll bouda closely misses you.
The gnoll sergeant shouts!
You hit the wolf. You burn the wolf.
The wolf is almost dead.
The gnoll bouda is no longer moving quickly.
The wolf bites you but does no damage.
The gnoll sergeant hits you from afar with a +0 halberd.
* * * LOW HITPOINT WARNING * * *
The wolf bites you but does no damage.
The gnoll bouda hits you but does no damage.
You closely miss the wolf.
The wolf is almost dead.
Your attacks no longer feel as feeble.
The gnoll sergeant hits you from afar with a +0 halberd!
You die...

♣≈≈...............≈≈♣
♣≈.................≈♣
♣≈.######'''######.≈♣
♣≈.# { #...# { {#.≈♣
♣≈## #..)#{ ##≈♣ ♣≈ {
#...# ≈♣ ♣≈ ##'##{ {
≈♣ ♣≈ ##).)##{ ≈♣ ♣≈
##.)@.(## ≈♣ ♣≈
{#..h)†..# ≈♣ ♣≈
#..g8g).# ≈♣
#....g..# ##.....##
##.g.## ##'##{ ...
...


You could see 3 gnoll sergeants, a wolf and a gnoll bouda.

Vanquished Creatures
  The ghost of Valamore the Destroyer, a novice OpCj (D:6)
  The ghost of xian the Shooter, a novice OgAM of Gozag (D:6)
  The ghost of kd29 the Grappler, a novice DrTm (D:6)
  The ghost of quixfox the Digger, a novice GrEE (D:6)
  The ghost of OstrichLN the Covert, a novice KoBr of Dithmenos (D:6)
  Grinder (D:5)
  2 water moccasins
  A sky beast (D:7)
  4 black bears
  An ogre (D:5)
  2 wolves (Bailey)
  A centaur (D:7)
  5 phantoms
  2 bullfrogs
  2 necrophages
  2 gnoll sergeants (Bailey)
  8 wights
  A scorpion (D:4)
  2 howler monkeys (D:7)
  3 gnoll boudas
  3 orc priests
  2 hounds (Bailey)
  Jessica (D:2)
  Natasha (thrice) (D:2)
  4 iguanas
  3 orc wizards
  5 adders
  24 gnolls
  A white imp (D:7)
  2 worms
  A dart slug (D:3)
  11 orcs
  7 ball pythons
  7 bats
  11 endoplasms
  5 giant cockroaches
  8 goblins
  8 hobgoblins
  8 quokkas
  8 kobolds
  8 rats
172 creatures vanquished.

Notes
Turn   | Place    | Note
-------+----------+-------------------------------------------
     0 | D:1      | IdlyInterested the Demonspawn Wanderer began the quest for
                  | the Orb.
     0 | D:1      | IdlyInterested set off with the following items: a +0
                  | dagger, a +0 buckler, a scroll of blinking, a +0 robe, a
                  | scroll of teleportation; and the following spell memorised:
                  | Sting; and the following spells available to memorise:
                  | Spider Form, Mephitic Cloud.
     0 | D:1      | Reached XP level 1. HP: 13/13 MP: 2/2
     9 | D:1      | Found a faded altar of an unknown god.
   507 | D:1      | Reached skill level 1 in Dodging
   507 | D:1      | Gained mutation: You have a pair of small antennae on your
                  | head. [demonic ancestry]
   507 | D:1      | Reached XP level 2. HP: 20/20 MP: 0/3
   953 | D:1      | Reached skill level 1 in Fighting
  1157 | D:1      | Reached skill level 1 in Short Blades
  1163 | D:1      | Gained mutation: You have a pair of antennae on your head.
                  | [demonic ancestry]
  1163 | D:1      | Reached XP level 3. HP: 11/26 MP: 4/4
  1804 | D:2      | Noticed Jessica
  1814 | D:2      | Killed Jessica
  1815 | D:2      | Reached skill level 2 in Fighting
  2024 | D:2      | Gained mutation: You are partially covered in yellow
                  | scales. (AC +2) [demonic ancestry]
  2024 | D:2      | Reached XP level 4. HP: 27/33 MP: 5/5
  2920 | D:2      | Noticed Natasha
  2926 | D:2      | Killed Natasha
  3403 | D:2      | Noticed Natasha
  3418 | D:2      | Killed Natasha
  3419 | D:2      | Reached XP level 5. HP: 25/39 MP: 6/6
  3697 | D:2      | Noticed Natasha
  3710 | D:2      | Killed Natasha
  4282 | D:3      | Found Togysedo's Antique Weapon Emporium.
  4294 | D:3      | Bought a bloodstained dagger for 175 gold pieces
  4294 | D:3      | Identified the +10 dagger of Fear {flame, *Noise rN+ Int+2
                  | Dex+5} (You bought it in a shop on level 3 of the Dungeon)
  4365 | D:3      | Noticed a black bear
  4382 | D:3      | Killed a black bear
  4383 | D:3      | Reached skill level 3 in Fighting
  4383 | D:3      | Gained mutation: You have a pair of large antennae on your
                  | head. (SInv) [demonic ancestry]
  4383 | D:3      | Reached XP level 6. HP: 19/47 MP: 7/7
  5128 | D:4      | Found an opulent altar of Gozag.
  5172 | D:4      | Reached skill level 4 in Fighting
  5172 | D:4      | Gained mutation: You sometimes gain a little power by
                  | taking damage. [demonic ancestry]
  5172 | D:4      | Reached XP level 7. HP: 52/54 MP: 8/8
  5812 | D:5      | Entered Level 5 of the Dungeon
  6185 | D:5      | Gained mutation: Spells you cast may paralyse adjacent
                  | enemies. [demonic ancestry]
  6185 | D:5      | Reached XP level 8. HP: 61/61 MP: 11/11
  6570 | D:5      | Noticed Grinder
  6571 | D:5      | Paralysed by Grinder for 4 turns
  6579 | D:5      | Killed Grinder
  6580 | D:5      | Reached skill level 5 in Fighting
  7058 | D:3      | Bought a glowing short sword for 150 gold pieces
  7497 | D:6      | Reached skill level 5 in Short Blades
  8086 | D:6      | Found a runed translucent gate.
  8088 | D:6      | Found a runed translucent gate.
  8088 | D:6      | Found a runed translucent gate.
  8088 | D:6      | Noticed xian's ghost (novice OgAM)
  8088 | D:6      | Noticed OstrichLN's ghost (novice KoBr)
  8089 | D:6      | Noticed Valamore's ghost (novice OpCj)
  8089 | D:6      | Noticed kd29's ghost (novice DrTm)
  8089 | D:6      | Noticed quixfox's ghost (novice GrEE)
  8131 | D:6      | Found a staircase to the Ecumenical Temple.
  8138 | Temple   | Entered the Ecumenical Temple
  8138 | Temple   | Found a transporter.
  8138 | Temple   | Found a transporter.
  8140 | Temple   | Found a transporter.
  8140 | Temple   | Found a transporter.
  8584 | D:6      | Killed Valamore's ghost
  8585 | D:6      | Reached skill level 6 in Fighting
  8585 | D:6      | Reached skill level 5 in Stealth
  8585 | D:6      | Reached XP level 9. HP: 58/69 MP: 12/12
  8589 | D:6      | Killed kd29's ghost
  8595 | D:6      | Killed xian's ghost
  8596 | D:6      | Reached skill level 7 in Fighting
  8599 | D:6      | Killed OstrichLN's ghost
  8608 | D:6      | Killed quixfox's ghost
  8609 | D:6      | Reached skill level 5 in Shields
  9128 | D:7      | Reached XP level 10. HP: 78/80 MP: 13/13
  9285 | D:7      | Reached skill level 8 in Fighting
  9948 | D:8      | Found a flagged portal.
  9957 | Bailey   | Entered a bailey
 10184 | Bailey   | Slain by a gnoll sergeant

Illustrated notes

Levels and vault maps discovered:
D:1:      heliophobic_arrival_enchanted_forest, layout_loops_cross,
          hellmonk_ecumenical_altar_leap_of_faith
D:2:      layout_basic, uniq_jessica, uniq_natasha
D:3:      minmay_door_path, layout_loops_cross, serial_shops, shop
D:4:      layout_cave_pools, old_standard_altar, dreamdust_princess_bridge,
          grunt_decor_mini_mirrors
D:5:      layout_layer_cave, uniq_grinder
D:6:      layout_basic, temple_green, gammafunk_ghost_cemetery
D:7:      layout_gridville
D:8:      layout_gridville, enter_bailey_2
Temple:   hellmonk_temple_divided_pantheon
Bailey:   bailey_polearm_gnolls_kennysheep, bailey

Skill      XL: |  1  2  3  4  5  6  7  8  9 10 |
---------------+-------------------------------+-----
Dodging        | 1 2 |  2.0
Fighting       | 1 2 3 4 6 7 8 |  8.2
Short Blades   | 1 2 3 4 5 6 7 |  7.5
Shields        | 2 3 4 5 6 |  6.0
Stealth        | 4 5 6 |  6.0
Spellcasting   | 2 3 |  3.0
Armour         | 2 |  2.6
Evocations     | 2 |  2.0
Poison Magic   | |  4.0

Action                   |  1- 3 |  4- 6 |  7- 9 | 10-12 || total
-------------------------+-------+-------+-------+-------++-------
Melee: Dagger            |    67 |    58 |   168 |   124 ||   417
       Short sword       |   112 |   100 |       |       ||   212
 Cast: Sting             |     9 |       |       |       ||     9
  Use: Scroll            |     1 |     4 |    13 |       ||    18
       Potion            |       |     2 |     2 |     3 ||     7
 Stab: Sleeping          |     2 |     2 |     2 |     4 ||    10
       Distracted        |       |       |     2 |       ||     2
Armor: Robe              |     5 |       |       |       ||     5
       Ring mail         |    30 |       |       |       ||    30
       Scale mail        |    43 |    67 |    55 |    40 ||   205
       Skin              |       |     7 |       |       ||     7
Dodge: Dodged            |    85 |    53 |    65 |    50 ||   253
Block: Buckler           |    36 |    33 |    41 |    40 ||   150

Table legend: (Time is in decaauts)
 A = Elapsed time spent in this place.
 B = Non-inter-level travel time spent in this place.
 C = Inter-level travel time spent in this place.
 D = Time resting spent in this place.
 E = Time spent auto-exploring this place.
 F = Levels seen in this place.
 G = Mean time per level.
                   A        B        C        D        E       F      G
               +--------+--------+--------+--------+--------+-----+--------+
         Total |  10187 |   8873 |   1314 |   2379 |   4449 |  10 | 1018.7 |
       Dungeon |   9934 |   8620 |   1314 |   2318 |   4448 |   8 | 1241.8 |
        Temple |     45 |     45 |      0 |      0 |      1 |   1 |   45.0 |
        Bailey |    207 |    207 |      0 |     61 |      0 |   1 |  207.0 |
               +--------+--------+--------+--------+--------+-----+--------+

Top non-repeatable levels by time:
     D:2: 2074 daAuts
     D:1: 1783 daAuts
     D:5: 1509 daAuts
     D:3: 1300 daAuts
     D:6: 1286 daAuts
     D:7: 1004 daAuts
     D:4: 802 daAuts
  Bailey: 207 daAuts
     D:8: 172 daAuts
  Temple: 45 daAuts
